 Dungeon Crawl Stone Soup version 0.18-a0-1789-gbeff17f (webtiles) character file.

1540 barb4r1an the Covered (level 8, 0/51 HPs)
             Began as a Gargoyle Fighter on Apr 21, 2016.
             Was a Follower of Cheibriados.
             Shot with an arrow by a centaur (7 damage)
             ... on level 6 of the Dungeon.
             The game lasted 00:07:54 (4690 turns).

barb4r1an the Covered (Gargoyle Fighter)            Turns: 4690, Time: 00:07:55

Health: 0/51       AC: 14    Str: 25    XL:     8   Next: 86%
Magic:  17/17      EV: 10    Int: 11    God:    Cheibriados [*.....]
Gold:   356        SH: 11    Dex: 13    Spells: 0 memorised, 7 levels left

rFire  + . .     SeeInvis +     a - +0 flail
rCold  . . .     Gourm    .     b - +0 scale mail
rNeg   + . .     Faith    .     c - +0 shield
rPois  ∞         Spirit   .     r - +0 helmet
rElec  +         Dismiss  .     (no cloak)
rCorr  .         Reflect  .     (no gloves)
SustAt .         Harm     .     (no boots)
MR     +....                    (no amulet)
Stlth  ..........               q - ring of protection from fire
                                x - ring "Gyigug" {rPois MR+ MP+9 SInv}

@: very slow, somewhat resistant to hostile enchantments, extremely unstealthy
A: claws 1, blurry vision 1, negative energy resistance 1, electricity
resistance, unbreathing, evolution 1, petrification resistance, rot immunity, AC
+5
a: Bend Time, Renounce Religion


You were on level 6 of the Dungeon.
You worshipped Cheibriados.
Cheibriados was aware of your devotion.
You were not hungry.

You visited 2 branches of the dungeon, and saw 7 of its levels.

You collected 356 gold pieces.

Inventory:

Hand Weapons
 a - a +0 flail (weapon)
Armour
 b - a +0 scale mail (worn)
 c - a +0 shield (worn)
 r - a +0 helmet (worn)
Jewellery
 q - a ring of protection from fire (right claw)
 t - an uncursed ring of protection from cold
 x - the ring "Gyigug" (left claw) {rPois MR+ MP+9 SInv}
   (You found it on level 4 of the Dungeon)

   [ring of see invisible]

   It protects you from poison.
   It affects your resistance to hostile enchantments.
   It affects your magic capacity (+9).
   It lets you see invisible.
Wands
 u - a wand of slowing (25/48)
Scrolls
 e - a scroll of magic mapping {unknown}
 i - 3 scrolls of blinking {unknown}
 j - 2 scrolls of remove curse {unknown}
 l - a scroll of enchant weapon {unknown}
 m - 2 scrolls of identify {unknown}
 n - a scroll of immolation {unknown}
 w - a scroll of recharging {unknown}
 y - 3 scrolls of teleportation {unknown}
Potions
 d - 3 potions of might
 k - 3 potions of curing
 o - a potion of invisibility {unknown}
 p - 2 potions of heal wounds {unknown}
 s - 2 potions of lignification {unknown}
 v - a potion of flight {unknown}
 A - a potion of ambrosia {unknown}
Comestibles
 f - 5 bread rations
 g - 3 beef jerkies
 h - a meat ration


   Skills:
 + Level 6.1 Fighting
 + Level 5.0 Maces & Flails
 + Level 6.3 Armour
 + Level 3.7 Dodging
 + Level 6.3 Shields


You had 7 spell levels left.
You didn't know any spells.

Dungeon Overview and Level Annotations

Branches:
Dungeon (6/15)             Temple (1/1) D:5

Altars:
Ashenzari
Cheibriados
Dithmenos
Elyvilon
Fedhas
Gozag
Kikubaaqudgha
Nemelex Xobeh
Pakellas
Qazlal
Ru
Sif Muna
Trog
Vehumet
Zin
The Shining One


Innate Abilities, Weirdness & Mutations

You are resistant to torment.
Your stone body is resilient (AC +5).
You are immune to poison.
You resist negative energy.
You are resistant to electric shocks.
You can survive without breathing.
You are immune to petrification.
You are immune to rotting.
You have sharp fingernails.
Scrolls take you a little longer to read.
You evolve.


Message History

You hit the giant gecko but do no damage.
The giant gecko is severely wounded.
You block the giant gecko's attack.
You thump the giant gecko!
You kill the giant gecko!
Cheibriados thoroughly appreciates the change of pace.
The centaur shoots an arrow.
The arrow hits you but does no damage. You block the orc's attack.
You closely miss the orc. You block the orc's attack.
You thump the orc!
You kill the orc!
Cheibriados thoroughly appreciates the change of pace.
The centaur shoots an arrow.
The arrow hits you!
* * * LOW HITPOINT WARNING * * *
You sock the orc!
You kill the orc!
Cheibriados appreciates the change of pace.
The centaur shoots an arrow.
The arrow hits you but does no damage.
The centaur shoots an arrow.
The arrow hits you!
You die...

...................(........(#
##.................(.........#
#†..........................#
#...............(.(.........#
#..............(((..........#
##............((...........##
#.......######co.##########
#...<...# #)### #.......# #@#
#.......# #.#### #########
#....# ####.# #...# #.### #.#
#.# #.#


You could see a centaur and an orc priest.

Vanquished Creatures
  Eustachio (D:6)
  The ghost of skk the Sneak, an amateur NaEn (D:5)
  A phantom (D:5)
  A sky beast (D:6)
  A black bear (D:6)
  An ogre (D:5)
  A centaur (D:6)
  A giant frog (D:6)
  A scorpion (D:4)
  A wyvern skeleton (D:6)
  2 crimson imps (D:5)
  A hound (D:5)
  An orc priest (D:5)
  2 jellies
  6 orc wizards
  Natasha (thrice) (D:3)
  2 worker ants
  A hound skeleton (D:4)
  A worker ant zombie (D:6)
  A howler monkey skeleton (D:5)
  6 adders
  An ooze (D:3)
  An adder skeleton (D:5)
  2 dart slugs (D:1)
  4 giant geckos
  19 orcs
  4 giant cockroaches
  4 goblins
  4 hobgoblins
  5 jackals (D:2)
  4 quokkas
  A ball python (D:3)
  5 bats
  2 giant newts
  7 kobolds
  8 rats
107 creatures vanquished.

Notes
Turn   | Place    | Note
--------------------------------------------------------------
     0 | D:1      | barb4r1an the Gargoyle Fighter began the quest for the Orb.
     0 | D:1      | Reached XP level 1. HP: 14/14 MP: 1/1
   112 | D:1      | Reached XP level 2. HP: 10/19 MP: 2/2
   684 | D:2      | Reached XP level 3. HP: 10/23 MP: 3/3
  1241 | D:2      | Reached skill level 1 in Dodging
  1241 | D:2      | Reached XP level 4. HP: 25/29 MP: 4/4
  1302 | D:2      | Found a sparkling altar of Nemelex Xobeh.
  1897 | D:3      | Noticed Natasha
  1915 | D:3      | Killed Natasha
  2074 | D:3      | Noticed Natasha
  2091 | D:3      | Killed Natasha
  2091 | D:3      | Reached XP level 5. HP: 31/33 MP: 5/5
  2115 | D:3      | Noticed Natasha
  2127 | D:3      | Killed Natasha
  2482 | D:4      | Found an opulent altar of Gozag.
  2482 | D:4      | Found a deep blue altar of Sif Muna.
  2485 | D:4      | Got a shimmering golden ring
  2486 | D:4      | Identified the ring "Gyigug" {rPois MR+ MP+9 SInv} (You found it on level 4 of the Dungeon)
  2525 | D:4      | Reached XP level 6. HP: 31/39 MP: 6/6
  2861 | D:5      | Entered Level 5 of the Dungeon
  2861 | D:5      | Noticed a phantom
  2924 | D:5      | Killed a phantom
  2978 | D:5      | Noticed skk's ghost (amateur NaEn)
  3065 | D:5      | Killed skk's ghost
  3065 | D:5      | Reached skill level 5 in Fighting
  3065 | D:5      | Reached skill level 5 in Shields
  3065 | D:5      | Reached XP level 7. HP: 41/44 MP: 7/7
  3195 | D:5      | Reached skill level 5 in Armour
  3278 | D:5      | Found a staircase to the Ecumenical Temple.
  3325 | Temple   | Entered the Ecumenical Temple
  3472 | Temple   | Became a worshipper of Cheibriados the Contemplative
  4045 | D:5      | Reached XP level 8. HP: 45/50 MP: 8/8
  4232 | D:6      | Gained mutation: You evolve. [mutagenic meat]
  4233 | D:6      | Gained mutation: Scrolls take you a little longer to read. [mutagenic meat]
  4235 | D:6      | Gained mutation: You have sharp fingernails. [mutagenic meat]
  4324 | D:6      | Found a shattered altar of Ashenzari.
  4479 | D:6      | Reached * piety under Cheibriados
  4492 | D:6      | Noticed Eustachio
  4517 | D:6      | Killed Eustachio
  4594 | D:6      | Reached skill level 5 in Maces & Flails
  4690 | D:6      | Shot with an arrow by a centaur

Vault maps used:
D:1:      dpeg_arrival_arbitrary_b
D:2:      nicolae_overflow_hidden_temple, first_bread,
          hangedman_decor_diamond_cutter, roderic_ancient_swastika,
          mrwooster_statue_mirror, feat_on_display
D:3:      uniq_natasha
D:4:      grunt_temple_overflow_open
D:5:      minmay_temple_entry_nine_rooms
D:6:      kennysheep_mini_moat, wad_floor_pattern_2, minmay_crystal_room,
          uniq_eustachio
Temple:   oiseaux_autumnal_temple_12

Skill      XL: |  1  2  3  4  5  6  7  8 |
---------------+-------------------------+-----
Dodging        | 1 2 3 |  3.7
Shields        | 4 5 6 |  6.3
Fighting       | 4 5 6 |  6.1
Armour         | 4 5 6 |  6.3
Maces & Flails | 3 4 5 |  5.0

Action                   |  1- 3 |  4- 6 |  7- 9 || total
-------------------------+-------+-------+-------++-------
Melee: Flail             |   163 |   178 |   237 ||   578
  Use: Potion            |       |       |     1 ||     1
  Eat: Chunk             |     1 |     5 |     4 ||    10
       Pizza             |       |     1 |     1 ||     2
       Meat ration       |       |       |     1 ||     1
Armor: Scale mail        |   117 |    83 |   163 ||   363
Dodge: Dodged            |    74 |    48 |   118 ||   240
Block: Shield            |   114 |    75 |   162 ||   351
